 Dungeon Crawl Stone Soup version 0.29.0-13-gc9e81de378 (webtiles) character file.

Game seed: 12358417835270839398

195 purpskrrrp the Ruffian (level 5, -4/50 HPs)
             Began as a Troll Fighter on Sept 7, 2022.
             Was a Priest of Lugonu.
             Slain by an iguana (12 damage)
             ... on level 4 of the Dungeon.
             The game lasted 00:03:03 (3027 turns).

purpskrrrp the Ruffian (Troll Fighter)              Turns: 3027, Time: 00:03:03

Health: -4/50      AC:  4    Str: 26    XL:     5   Next: 45%
Magic:  4/4        EV:  8    Int:  4    God:    Lugonu [***...]
Gold:   182        SH:  7    Dex:  9    Spells: 4/4 levels left

rFire   . . .      SeeInvis .     - Unarmed
rCold   . . .      Faith    .   b - +0 kite shield
rNeg    . . .      Spirit   .   a - +0 robe
rPois   .          Reflect  .   (helmet restricted)
rElec   .          Harm     .   (no cloak)
rCorr   .          Rampage  .   (gloves unavailable)
Will    .....                   (boots unavailable)
Stlth   +.........              (no amulet)
HPRegen 0.96/turn               (no ring)
MPRegen 0.09/turn               (no ring)

@: no status effects
A: large, unfitting armour, claws 3, regeneration 1, shaggy fur 1, tough skin 1
a: Renounce Religion, Depart the Abyss, Bend Space, Banish


You were on level 4 of the Dungeon.
You worshipped Lugonu.
Lugonu was most pleased with you.
You visited 1 branch of the dungeon, and saw 4 of its levels.

You collected 182 gold pieces.

Inventory:

Armour
 a - a +0 robe (worn)
 b - a +0 kite shield (worn)
Jewellery
 l - an amulet of the acrobat
 s - a ring of protection from fire
Scrolls
 d - 3 scrolls of teleportation {unknown}
 h - a scroll of magic mapping {unknown}
 j - 4 scrolls of noise {unknown}
 k - 3 scrolls of identify {unknown}
 m - 2 scrolls of immolation {unknown}
 n - a scroll of enchant weapon {unknown}
 o - a scroll of enchant armour {unknown}
 q - a scroll of silence {unknown}
 r - a scroll of brand weapon {unknown}
Potions
 c - 2 potions of might
 e - a potion of berserk rage {unknown}
 f - a potion of curing {unknown}
 g - 2 potions of heal wounds {unknown}
 i - a potion of degeneration {unknown}
 p - a potion of lignification {unknown}


   Skills:
 - Level 2.5 Fighting
 - Level 2.4 Dodging
 - Level 2.8 Shields
 + Level 5.6 Unarmed Combat


You had 4 spell levels left.
You didn't know any spells.
Your spell library contained the following spells:

 Spells                   Type           Power      Damage    Failure   Level
 Tukima's Dance           Hex            0%         N/A       99%         3
 Passage of Golubria      Tloc           0%         N/A       100%        4
 Yara's Violent Unravell  Hex/Tmut       0%         3d3       100%        5


Dungeon Overview and Level Annotations

Branches:
Dungeon (4/15)
 Temple: D:4-7

Altars:
Vehumet
Lugonu

Shops:
D:2 ?


Innate Abilities, Weirdness & Mutations

You are too large for most types of armour.
You have claws for hands.
Your natural rate of healing is unusually fast.
You are covered in fur. (AC +1)
You have tough skin. (AC +1)


Message History

You block Menkaure's attack.
You claw Menkaure!
Menkaure is heavily damaged.
Menkaure hits you! Menkaure closely misses you.
You are too injured to fight recklessly!
You are too injured to fight recklessly!
You are too injured to fight recklessly!
You are too injured to fight recklessly!
You are too injured to fight recklessly!
You are too injured to fight recklessly!
You are too injured to fight recklessly!
You are too injured to fight recklessly!
You are too injured to fight recklessly!
You are too injured to fight recklessly!
You are too injured to fight recklessly!
You are too injured to fight recklessly!
You are too injured to fight recklessly!
You are too injured to fight recklessly!
You are too injured to fight recklessly!
You are too injured to fight recklessly!
You are too injured to fight recklessly!
You are too injured to fight recklessly!
You are too injured to fight recklessly!
You claw Menkaure!
You destroy Menkaure!
Lugonu accepts your kill.
Your Unarmed Combat skill increases to level 5!
You have reached level 5!
You scratch the iguana.
The iguana is heavily wounded.
The iguana bites you!
* * * LOW HITPOINT WARNING * * *
You closely miss the iguana.
The iguana is heavily wounded.
The iguana bites you!
* * * LOW HITPOINT WARNING * * *
You scratch the iguana.
The iguana is heavily wounded.
The iguana bites you!
You die...

#.# ###.... #.#
........######.##
.#..............##
...............)<#
.#.............)##
.......#######..#
.#.....#######..#
......l@........#
.....#.#######..#
... ... #..# .
...#. #..# .......
#..# .... .. #..#
... >## #..# .<. .
...#


You could see an iguana.

Vanquished Creatures
  Menkaure (D:4)
  3 adders
  2 worms (D:2)
  A dart slug (D:2)
  5 orcs
  4 ball pythons
  3 endoplasms
  2 giant cockroaches
  6 goblins
  6 hobgoblins
  A quokka (D:3)
  3 bats
  2 frilled lizards
  A kobold (D:3)
  3 rats (D:2)
43 creatures vanquished.

Vanquished Creatures (others)
  3 fungi (D:1)
  A plant (D:1)
4 creatures vanquished.

Grand Total: 47 creatures vanquished

Notes
Turn   | Place    | Note
-------+----------+-------------------------------------------
     0 | D:1      | purpskrrrp the Troll Fighter began the quest for the Orb.
     0 | D:1      | Reached XP level 1. HP: 22/22 MP: 0/0
   269 | D:1      | Found a faded altar of an unknown god.
   499 | D:1      | Reached XP level 2. HP: 29/29 MP: 1/1
  1133 | D:1      | Prayed at the altar of an unknown god.
  1133 | D:1      | Became a worshipper of Lugonu the Unformed
  1133 | D:1      | Reached * piety under Lugonu
  1133 | D:1      | Reached ** piety under Lugonu
  1197 | D:2      | Found a radiant altar of Vehumet.
  1660 | D:2      | Reached skill level 3 in Unarmed Combat
  1677 | D:2      | Reached XP level 3. HP: 23/36 MP: 2/2
  1965 | D:2      | Found Aparob's Magic Scroll Boutique.
  2389 | D:3      | Reached skill level 4 in Unarmed Combat
  2392 | D:3      | Reached *** piety under Lugonu
  2393 | D:3      | Reached XP level 4. HP: 35/44 MP: 3/3
  3018 | D:4      | Noticed Menkaure
  3024 | D:4      | Killed Menkaure
  3025 | D:4      | Reached skill level 5 in Unarmed Combat
  3025 | D:4      | Reached XP level 5. HP: 24/50 MP: 4/4
  3027 | D:4      | Slain by an iguana

Illustrated notes

Levels and vault maps discovered:
D:1:      dpeg_arrival_signposts, layout_basic, shapermc_ecumenical_altar_ellora
D:2:      layout_loops_corners, basic_altar, serial_shops, shop,
          minmay_quadrilaterals
D:3:      layout_basic, st_stairs_3
D:4:      layout_basic, nemelex_diamond_rough_becter,
          lemuel_zombie_altar_yredelemnul, gammafunk_ghost_icy, nzn_random_ring,
          uniq_crazy_yiuf_cottage, uniq_natasha, uniq_menkaure

Skill      XL: |  1  2  3  4 |
---------------+-------------+-----
Unarmed Combat | 3 4 5 |  5.6
Fighting       | |  2.5
Dodging        | |  2.4
Shields        | |  2.8

Action                   |  1- 3 |  4- 6 || total
-------------------------+-------+-------++-------
Melee: Unarmed           |   143 |    17 ||   160
Armor: Robe              |    40 |     2 ||    42
Dodge: Dodged            |    42 |     3 ||    45
Block: Kite shield       |    51 |     4 ||    55
